 Dungeon Crawl Stone Soup version 0.29-a0-876-gfc89b1a5bd (webtiles) character file.

Game seed: 13491368737102264174

249 kae the Ruffian (level 5, -7/42 HPs)
             Began as a Draconian Transmuter on July 19, 2022.
             Mangled by an iguana (9 damage)
             ... on level 4 of the Dungeon.
             The game lasted 00:06:07 (3419 turns).

kae the Ruffian (Draconian Transmuter)              Turns: 3419, Time: 00:06:07

Health: -7/42      AC:  2    Str: 19    XL:     5   Next: 86%
Magic:  6/9        EV: 19    Int: 15    God:
Gold:   1221       SH:  0    Dex: 16    Spells: 3/9 levels left

rFire   + . .      SeeInvis .     - Unarmed
rCold   . . .      Faith    .   (shield currently unavailable)
rNeg    . . .      Spirit   .   (body armour unavailable)
rPois   x          Reflect  .   (helmet currently unavailable)
rElec   .          Harm     .   (cloak currently unavailable)
rCorr   .          Rampage  .   (gloves currently unavailable)
Will    .....                   (boots currently unavailable)
Stlth   +.........              (no amulet)
HPRegen 0.14/turn               S - +6 ring of strength
MPRegen 0.11/turn               F - ring of protection from fire

@: spider-form
A: venomous fangs, AC +5, tiny, unfitting armour, (cold-blooded)
a: End Transformation


You were on level 4 of the Dungeon.
You were a venomous arachnid creature.
You visited 1 branch of the dungeon, and saw 4 of its levels.

You collected 1221 gold pieces.


Innate Abilities, Weirdness & Mutations

You are a venomous arachnid creature.
You have poisonous fangs.
You are tiny and dextrous.
Your spellcasting is less reliable in this form.
Your armour is entirely melded.
You are incapable of wielding weapons or throwing items.
((Your plain brown scales are hard. (AC +5)))
You cannot fit into any form of body armour.
((You are cold-blooded and may be slowed by cold attacks.))


   Skills:
 + Level 2.5 Fighting
 - Level 1.7 Dodging
 * Level 4.4 Unarmed Combat
 + Level 2.8 Spellcasting
 * Level 3.8 Transmutations
 + Level 1.3 Poison Magic


You had 3 spell levels left.
You knew the following spells:

 Your Spells              Type           Power      Damage    Failure   Level
a - Beastly Appendage     Tmut           26%        N/A       13%         1
b - Wereblood             Tmut           13%        N/A       17%         2
c - Spider Form           Tmut/Pois      9%         N/A       43%         3

Your spell library contained the following spells:

 Spells                   Type           Power      Damage    Failure   Level
 Static Discharge         Conj/Air       2%         3-4/arc   52%         2
 Ice Form                 Ice/Tmut       7%         N/A       85%         4
 Lightning Bolt           Conj/Air       1%         1d12      100%        5
 Maxwell's Capacitive Co  Air            1%         ∞         100%        8

Inventory:

Hand Weapons
 t - the +7 hand axe "Honaunir" {holy, Dex+5}
   (You found it on level 2 of the Dungeon)

   It has been blessed by the Shining One to cause great damage to the undead
   and demons.
   Dex:       It affects your dexterity (+5).
Missiles
 b - 32 stones
 c - 2 curare-tipped darts {=f}
 l - 4 boomerangs
 r - 2 poisoned darts
 w - 2 throwing nets {=f!f}
Armour
 n - a +0 pair of boots
   (You found it on level 2 of the Dungeon)
 s - a +0 cloak
   (You found it on level 2 of the Dungeon)
 z - a +0 pair of gloves
   (You found it on level 4 of the Dungeon)
Jewellery
 F - a ring of protection from fire (right front leg)
   (You found it on level 1 of the Dungeon)
 S - a +6 ring of strength (left front leg)
   (You found it on level 1 of the Dungeon)
Wands
 m - a wand of digging (1)
   (You took it off Jessica on level 2 of the Dungeon)
 x - a wand of paralysis (3)
   (You took it off Ijyb on level 4 of the Dungeon)
Scrolls
 e - a scroll of poison {!r}
 h - a scroll of blinking {!r}
 i - a scroll of vulnerability {unknown}
 u - a scroll of identify {@r1}
 v - a scroll of brand weapon {unknown}
 y - a scroll of teleportation {@r4}
Potions
 a - a potion of lignification {!q}
 d - a potion of heal wounds {unknown}
 f - a potion of might
 g - 3 potions of berserk rage {!q}
 j - a potion of curing {unknown}
 k - a potion of mutation {!q}
 o - a potion of degeneration {unknown}
 p - 2 potions of brilliance
 q - a potion of attraction {!q}

Dungeon Overview and Level Annotations

Branches:
Dungeon (4/15) Zot: 20568
 Temple: D:4-7

Altars:
Dithmenos

Annotations:
D:1 Natasha

..##...#......#....#.....#
..######......#....#.....#
#### #......######.....#
...# #...............###
...# #...............#
...# #...............#
...# #...............#
...#####...............#
..........†.####s#######
............#....l......
............#...........
............#...........
......<.....#########...
................ ..
................ .
#######.........
#.........


You could see an iguana.


Message History

You open the door.
There is an open door here.
z - a +0 pair of gloves
There is an open door here.
An adder and a kobold come into view.
The kobold shouts!
There are monsters nearby!
There are monsters nearby!
There are monsters nearby!
The adder hisses angrily.
Casting: Beastly Appendage (safe; 4% risk of failure)
Confirm with . or Enter, or press ? or * to list all spells.
You grow a pair of large bovine horns.
Your feet morph into talons.
A ball python comes into view.
The kobold closely misses you. 😎 MP[-1]
You lost 1 mp, and now have 8/9 mp.
The ball python hisses angrily.
You hit the adder. Your kick misses the adder. You headbutt the adder!
You kill the adder!
The kobold hits you but does no damage.
You hit the kobold.
You kill the kobold!
You see here a +0 club.
The ball python barely misses you. The ball python grabs you.
The ball python constricts you. 😕 HP[-1]
You take 1 damage, and now have 41/42 hp.
You barely miss the ball python.
You headbutt the ball python, but do no damage.
The ball python closely misses you. The ball python constricts you.
You hit the ball python. Your kick misses the ball python.
The ball python bites you but does no damage.
The ball python constricts you. 😕 HP[-1]
You take 1 damage, and now have 40/42 hp.
A ball python is nearby!
You closely miss the ball python. Your kick misses the ball python.
You headbutt the ball python.
You kill the ball python!
No target in view! 😕 MP[+1]
Your mp is fully restored (9).
Your transformation is almost over.
Your horns disappear.
Your talons disappear.
You open the door.
An iguana comes into view. 😎 HP[+2]
Your hp is fully restored (42).
An iguana is nearby!
An iguana is nearby!
An iguana is nearby!
There is an open door here.
Casting: Beastly Appendage (safe; 4% risk of failure)
Confirm with . or Enter, or press ? or * to list all spells.
You grow a pair of large bovine horns.
Your feet morph into talons. 😎 MP[-1]
You lost 1 mp, and now have 8/9 mp.
You closely miss the iguana. The iguana closely misses you.
You barely miss the iguana. Your kick misses the iguana.
The iguana bites you. 😕 HP[-6]
You take 6 damage, and now have 36/42 hp.
You punch the iguana!
You headbutt the iguana, but do no damage.
Your tail-slap misses the iguana.
Your transformation is almost over.
The iguana bites you!
You are too injured to fight recklessly! 😮 HP[-9]
You take 9 damage, and now have 27/42 hp.
MASSIVE DAMAGE!! (PAUSE) Unknown command.
Casting: Beastly Appendage (safe; 4% risk of failure)
Confirm with . or Enter, or press ? or * to list all spells.
The spell is quite dangerous to miscast (22% risk of failure)!
Continue anyway? [Y]es or [N]o only, please.
The spell is quite dangerous to miscast (22% risk of failure)!
Continue anyway?
Your horns disappear.
Your talons disappear.
You turn into a venomous arachnid creature.
The iguana barely misses you. 😮 MP[-3]
You lost 3 mp, and now have 5/9 mp.
You barely miss the iguana. The iguana bites you!
* * * LOW HITPOINT WARNING * * *
😨 HP[-12]
You take 12 damage, and now have 15/42 hp.
MASSIVE DAMAGE!! (PAUSE)
You hit the iguana but do no damage. The iguana closely misses you.
You barely miss the iguana. The iguana closely misses you.
You hit the iguana but do no damage. The iguana bites you!
* * * LOW HITPOINT WARNING * * *
😱 HP[-14] MP[+1]
You take 14 damage, and now have 1/42 hp.
MASSIVE DAMAGE!! (PAUSE) Unknown command.
Unknown command.
Okay, then.
You hit the iguana but do no damage. The iguana bites you!
You die...

Skill      XL: |  1  2  3  4 |
---------------+-------------+-----
Fighting       | 2 |  2.5
Transmutations | 3 |  3.8
Unarmed Combat | 4 |  4.4
Poison Magic   | 1 |  1.3
Dodging        | |  1.7
Spellcasting   | |  2.8

Action                   |  1- 3 |  4- 6 || total
-------------------------+-------+-------++-------
Melee: Unarmed           |    75 |    98 ||   173
       Kick              |     9 |    16 ||    25
       Tailslap          |     9 |     7 ||    16
       Punch             |     2 |     1 ||     3
       Headbutt          |     2 |    11 ||    13
 Cast: Beastly Appendage |    19 |    18 ||    37
       Wereblood         |     2 |       ||     2
       Spider Form       |     1 |    10 ||    11
  Use: Potion            |     2 |       ||     2
       Scroll            |       |    13 ||    13
 Stab: Sleeping          |     1 |       ||     1
       Distracted        |       |     1 ||     1
Armor: Skin              |    17 |    23 ||    40
Dodge: Dodged            |    59 |    83 ||   142

Levels and vault maps discovered:
D:1:      dpeg_arrival_castle, layout_rooms,
          shapermc_ecumenical_altar_mp_ritualfount
D:2:      layout_rooms, chequers_serial_rivers_small_a, supply_closet_lemuel,
          uniq_natasha, uniq_jessica
D:3:      layout_rooms, nicolae_dithmenos_shadow_blocks, minmay_quantized
D:4:      layout_gridville, uniq_ijyb

Notes
Turn   | Place    | Note
-------+----------+-------------------------------------------
     0 | D:1      | kae the Draconian Transmuter began the quest for the Orb.
     0 | D:1      | Reached XP level 1. HP: 16/16 MP: 3/3
     0 | D:1      | magus.rc [v1.11.3]
   254 | D:1      | Found a faded altar of an unknown god.
   465 | D:1      | Reached XP level 2. HP: 19/23 MP: 3/5
   608 | D:2      | HP: 5/23 [adder (1)]
   609 | D:2      | HP: 1/23 [poisoned by an adder]
   698 | D:2      | You pick up a book of Lightning and begin reading...
   698 | D:2      | You add the spells Static Discharge, Lightning Bolt and
                  | Maxwell's Capacitive Coupling to your library.
   700 | D:2      | Noticed Natasha
   707 | D:2      | Noticed a crimson imp
   820 | D:1      | Learned a level 2 spell: Wereblood
   834 | D:1      | Noticed a crimson imp
   834 | D:1      | Killed Natasha
   835 | D:1      | Reached XP level 3. HP: 28/29 MP: 3/6
   840 | D:1      | Noticed Natasha
   957 | D:2      | Learned a level 3 spell: Spider Form
  1333 | D:2      | Noticed Jessica
  1351 | D:2      | Killed Jessica
  1352 | D:2      | Reached skill level 2 in Fighting
  1352 | D:2      | Reached skill level 3 in Transmutations
  1352 | D:2      | Reached XP level 4. HP: 36/36 MP: 1/7
  1659 | D:2      | Identified the +7 hand axe "Honaunir" {holy, Dex+5}
  2016 | D:3      | Reached skill level 4 in Unarmed Combat
  2197 | D:3      | Found a shadowy altar of Dithmenos.
  2531 | D:3      | Identified a scroll of acquirement
  2531 | D:3      | Acquired 954 gold pieces
  2680 | D:4      | Reached skill level 1 in Poison Magic
  2680 | D:4      | Reached XP level 5. HP: 38/41 MP: 1/8
  3080 | D:4      | Noticed Ijyb
  3099 | D:4      | Paralysed by Ijyb for 2 turns
  3101 | D:4      | Killed Ijyb
  3418 | D:4      | HP: 1/42 [iguana (14)]
  3419 | D:4      | Mangled by an iguana

Vanquished Creatures
  A hound (D:4)
  Jessica (D:2)
  Ijyb (D:4)
  Natasha (D:1)
  4 gnolls
  3 adders
  2 worms
  A dart slug (D:3)
  5 orcs
  5 endoplasms
  5 giant cockroaches
  5 goblins
  5 hobgoblins
  5 jackals
  4 quokkas
  6 ball pythons
  2 bats (D:2)
  A frilled lizard (D:3)
  5 kobolds
  4 rats
66 creatures vanquished.

Vanquished Creatures (collateral kills)
  An orc (D:3)
1 creature vanquished.

Grand Total: 67 creatures vanquished

Table legend:
 A = Non-vault XP
 B = Vault XP
 C = Vault XP percentage of total XP
 D = Non-vault monster count
 E = Vault monster count
 F = Vault count percentage of total count
                 A         B        C        D         E       F
            +---------+---------+-------+---------+---------+-------
      Total |     237 |     119 |  33.4 |      60 |       7 |  10.4
            +---------+---------+-------+---------+---------+-------
        D:1 |      14 |      35 |  71.4 |       9 |       1 |  10.0
        D:2 |      59 |      37 |  38.5 |      25 |       1 |   3.8
        D:3 |      50 |      11 |  18.0 |      12 |       4 |  25.0
        D:4 |     114 |      36 |  24.0 |      14 |       1 |   6.7
            +---------+---------+-------+---------+---------+-------

Illustrated notes

Table legend:
 A = Kills in this place as a percentage of kills in entire the game.
 B = Kills by you in this place as a percentage of kills by you in the entire game.
 C = Kills by friends in this place as a percentage of kills by friends in the entire game.
 D = Other kills in this place as a percentage of other kills in the entire game.
 E = Experience gained in this place as a percentage of experience gained in the entire game.
 F = Experience gained in this place divided by the number of levels of this place that you have seen.
                   A       B       C       D       E      F
               +-------+-------+-------+-------+-------+----------------------
         Total | 100.0 | 100.0 | 100.0 |   N/A | 100.0 |  89.0
       Dungeon | 100.0 | 100.0 | 100.0 |   N/A | 100.0 |  89.0
               +-------+-------+-------+-------+-------+----------------------

Table legend: (Time is in decaauts)
 A = Elapsed time spent in this place.
 B = Non-inter-level travel time spent in this place.
 C = Inter-level travel time spent in this place.
 D = Time resting spent in this place.
 E = Time spent auto-exploring this place.
 F = Levels seen in this place.
 G = Mean time per level.
                   A        B        C        D        E       F      G
               +--------+--------+--------+--------+--------+-----+--------+
         Total |   3430 |   3353 |     77 |    433 |   2280 |   4 |  857.5 |
       Dungeon |   3430 |   3353 |     77 |    433 |   2280 |   4 |  857.5 |
               +--------+--------+--------+--------+--------+-----+--------+

Top non-repeatable levels by time:
     D:2: 1046 daAuts
     D:1: 840 daAuts
     D:3: 809 daAuts
     D:4: 734 daAuts
